 Dungeon Crawl Stone Soup version 0.22.1-1-ga44c0e5 (webtiles) character file.

1036 YellowHerb the Cudgeler (level 8, -5/117 HPs)
             Began as a Troll Berserker on Sept 30, 2018.
             Was a Priest of Trog.
             Slain by Prince Ribbit (16 damage)
             ... on level 6 of the Dungeon.
             The game lasted 00:19:41 (4321 turns).

YellowHerb the Cudgeler (Troll Berserker)           Turns: 4321, Time: 00:19:42

Health: -5/117     AC:  6    Str: 33    XL:     8   Next: 4%
Magic:  7/7        EV: 11    Int:  3    God:    Trog [***...]
Gold:   316        SH:  0    Dex:  9    Spells: 7/7 levels left

rFire    . . .     SeeInvis +   o - +0 war axe (flame)
rCold    . . .     Gourm    +   (no shield)
rNeg     . . .     Faith    .   b - +0 animal skin
rPois    .         Spirit   .   (helmet restricted)
rElec    .         Reflect  .   j - +0 cloak
rCorr    .         Harm     .   (gloves unavailable)
MR       +....                  (boots unavailable)
Stlth    ..........             (no amulet)
HPRegen  0.69/turn              d - ring of see invisible
MPRegen  0.10/turn              l - ring of protection from magic

@: berserking (expiring), very quick
A: large, unfitting armour, claws 3, fast metabolism 3, gourmand, regeneration
1, shaggy fur 1, tough skin 2
a: Berserk, Trog's Hand, Renounce Religion


You were on level 6 of the Dungeon.
You worshipped Trog.
Trog was most pleased with you.
You were very full.

You visited 1 branch of the dungeon, and saw 6 of its levels.

You collected 316 gold pieces.

Inventory:

Hand Weapons
 o - a +0 war axe of flaming (weapon)
Armour
 b - a +0 animal skin (worn)
 j - a +0 cloak (worn)
Jewellery
 d - a ring of see invisible (left claw)
 h - a cursed amulet of magic regeneration
 l - a ring of protection from magic (right claw)
 n - an uncursed ring of protection from cold
Wands
 i - a wand of digging (15)
Scrolls
 f - 4 scrolls of teleportation
Potions
 a - 3 potions of curing {unknown}
 e - 2 potions of might {unknown}
 g - a potion of berserk rage {unknown}
 k - a potion of invisibility {unknown}
 m - 2 potions of ambrosia {unknown}
Comestibles
 c - 7 rations
 p - 2 chunks of flesh


   Skills:
 + Level 4.1 Fighting
 * Level 3.2(4.6) Axes
   Level 5.6(6.1) Maces & Flails
 + Level 4.4 Dodging
 - Level 0.8 Stealth


You had 7 spell levels left.
You didn't know any spells.
Your spell library contained the following spells:

 Spells                   Type           Power        Failure   Level  Hunger
 Static Discharge         Conj/Air       #.......     88%         3    ####...
 Lightning Bolt           Conj/Air       #.........   100%        5    ######.
 Ignition                 Fire           #.........   100%        8    #######
 Shatter                  Erth           #.........   100%        9    #######
 Tornado                  Air            #.........   100%        9    #######


Dungeon Overview and Level Annotations

Branches:
Dungeon (6/15)
 Temple: D:4-7

Altars:
Ashenzari
Cheibriados
Dithmenos
Elyvilon
Kikubaaqudgha
Nemelex Xobeh
Trog
Wu Jian
Zin
The Shining One

Annotations:
D:6 Prince Ribbit


Innate Abilities, Weirdness & Mutations

You are too large for most types of armour.
You have claws for hands.
Your metabolism is lightning-fast.
You like to eat raw meat.
Your natural rate of healing is unusually fast.
You are covered in fur. (AC +1)
You have very tough skin. (AC +2)


Message History

You closely miss Prince Ribbit. Prince Ribbit hits you.
* * * LOW HITPOINT WARNING * * *
You are too berserk!
You slash the orc warrior! You burn the orc warrior.
You kill the orc warrior!
Trog accepts your kill.
Your base Axes skill increases to level 3!
You have reached level 8!
You closely miss Prince Ribbit.
Prince Ribbit blinks! x2
You closely miss Prince Ribbit.
Prince Ribbit is severely wounded.
The crimson imp blinks!
Prince Ribbit hits you!
* * * LOW HITPOINT WARNING * * *
You barely miss Prince Ribbit.
Prince Ribbit is severely wounded.
Prince Ribbit completely misses you.
You closely miss Prince Ribbit.
Prince Ribbit is severely wounded.
Prince Ribbit hits you!
You die...

........ ......
...... ..5. # ...#
.###.##ยง. ####
......F)# ###...##
#@###......#
#..........#
##.........#
##..........#
#####...........#
#...............##
#.#####....[.....#
##..).....##
###)[....#


You could see Prince Ribbit and a crimson imp.

Vanquished Creatures
  Grinder (D:3)
  2 orc warriors (D:6)
  A water moccasin zombie (D:5)
  A bullfrog zombie (D:5)
  A crimson imp (D:6)
  A centaur skeleton (D:5)
  2 hounds
  4 orc wizards
  4 iguanas
  A worker ant (D:5)
  5 adders
  A shadow imp (D:5)
  2 oozes (D:3)
  An adder zombie (D:5)
  An adder skeleton (D:4)
  3 dart slugs
  3 leopard geckos (D:4)
  17 orcs
  7 bats
  5 giant cockroaches
  6 goblins
  8 hobgoblins
  24 jackals
  9 kobolds
  3 ball pythons
  4 frilled lizards
  A leopard gecko skeleton (D:4)
  A quokka skeleton (D:4)
  3 rats
122 creatures vanquished.

Vanquished Creatures (others)
  A jackal (D:2)
1 creature vanquished.

Grand Total: 123 creatures vanquished

Notes
Turn   | Place    | Note
-------+----------+-------------------------------------------
     0 | D:1      | YellowHerb the Troll Berserker began the quest for the Orb.
     0 | D:1      | Reached XP level 1. HP: 22/22 MP: 0/0
   118 | D:1      | Reached XP level 2. HP: 29/29 MP: 1/1
   331 | D:1      | Reached skill level 3 in Maces & Flails
   337 | D:1      | Reached ** piety under Trog
   337 | D:1      | Reached XP level 3. HP: 21/36 MP: 2/2
  1434 | D:3      | Found a shattered altar of Ashenzari.
  1434 | D:3      | Found a shadowy altar of Dithmenos.
  1436 | D:3      | Found an ornate altar of the Wu Jian Council.
  1496 | D:3      | Reached XP level 4. HP: 44/44 MP: 3/3
  1801 | D:3      | Reached XP level 5. HP: 38/53 MP: 4/4
  1837 | D:3      | Reached skill level 4 in Maces & Flails
  1920 | D:3      | Reached *** piety under Trog
  2020 | D:3      | Noticed Grinder
  2022 | D:3      | Paralysed by Grinder for 3 turns
  2040 | D:3      | Killed Grinder
  2040 | D:3      | Reached XP level 6. HP: 25/61 MP: 5/5
  2193 | D:3      | Found a white marble altar of Elyvilon.
  2193 | D:3      | Found a glowing silver altar of Zin.
  2195 | D:3      | Found a glowing golden altar of the Shining One.
  2311 | D:3      | Found a snail-covered altar of Cheibriados.
  2312 | D:3      | Found a bloodstained altar of Trog.
  2459 | D:4      | Reached skill level 5 in Maces & Flails
  3459 | D:5      | Entered Level 5 of the Dungeon
  3472 | D:5      | Reached XP level 7. HP: 67/67 MP: 6/6
  3637 | D:5      | Found an ancient bone altar of Kikubaaqudgha.
  3674 | D:5      | Found a sparkling altar of Nemelex Xobeh.
  3994 | D:6      | Reached skill level 1 in Axes
  4301 | D:6      | Noticed Prince Ribbit
  4318 | D:6      | Reached XP level 8. HP: 16/78 MP: 7/7
  4321 | D:6      | Slain by Prince Ribbit

Skill      XL: |  1  2  3  4  5  6  7 |
---------------+----------------------+-----
Maces & Flails | 3 4 5 |  5.6
Dodging        | 3 4 |  4.4
Fighting       | 3 4 |  4.1
Axes           | 3 |  3.2
Stealth        | |  0.8

Action                   |  1- 3 |  4- 6 |  7- 9 || total
-------------------------+-------+-------+-------++-------
Melee: Mace              |   177 |   165 |     7 ||   349
       War axe           |       |       |    84 ||    84
Invok: Berserk           |       |     2 |     2 ||     4
  Use: Scroll            |     7 |     3 |     4 ||    14
 Stab: Sleeping          |     1 |     1 |       ||     2
  Eat: Chunk             |    16 |    15 |    12 ||    43
       Ration            |     1 |       |     1 ||     2
Armor: Animal skin       |   144 |    66 |    19 ||   229
Dodge: Dodged            |   177 |   132 |    68 ||   377
